 Seeded DCSS version 0.27.1-2-g3b301248ec (webtiles) character file.

Game seed: 14551798346683263451 (custom seed)

233 babuloseo the Skirmisher (level 6, 48/48 HPs)
             Began as a Human Fighter on Oct 3, 2021.
             Tarried too long and was consumed by Zot
             ... in the Ecumenical Temple.
             The game lasted 00:04:13 (8450 turns).

babuloseo the Skirmisher (Human Fighter)            Turns: 8450, Time: 00:04:14

Health: 48/48      AC:  0    Str: 19    XL:     6   Next: 26%
Magic:  6/6        EV: 11    Int:  8    God:
Gold:   81         SH:  0    Dex: 12    Spells: 5/5 levels left

rFire    . . .     SeeInvis .   (no weapon)
rCold    . . .     Faith    .   (no shield)
rNeg     . . .     Spirit   .   (no armour)
rPois    .         Reflect  .   (no helmet)
rElec    .         Harm     .   (no cloak)
rCorr    .         Rampage  .   (no gloves)
Will     .....                  (no boots)
Stlth    +.........             (no amulet)
HPRegen  0.16/turn              (no ring)
MPRegen  0.10/turn              (no ring)

@: bezotted
A: no striking features
a: no special abilities


You were in the Ecumenical Temple.
You visited 2 branches of the dungeon, and saw 6 of its levels.

You collected 81 gold pieces.

Inventory:

Hand Weapons
 a - a +0 trident
 h - the +9 staff of Olgreb {rPois∞}
   (You acquired it on level 2 of the Dungeon)

   If the wielder is skilled in Evocations, they can envenom those struck by it,
   dealing poison damage which bypasses armour.
   It enhances your poison magic.
   It grants immunity to poison.
   It can be evoked to radiate toxic energy, with effectiveness depending on
   Evocations skill.
Armour
 b - a +0 scale mail
Scrolls
 e - a scroll of torment
 f - 2 scrolls of enchant armour
 g - 2 scrolls of identify
 l - a scroll of blinking
Potions
 d - a potion of might
 i - a potion of brilliance
 j - 2 potions of curing
 k - a potion of degeneration
 m - 3 potions of attraction


   Skills:
 + Level 3.7(1.8) Fighting
 * Level 3.7(1.8) Polearms
 + Level 3.7(1.8) Armour
 + Level 3.7(1.8) Shields
 * Level 2.4(1.2) Evocations


You had 5 spell levels left.
You didn't know any spells.
Your spell library contained the following spells:

 Spells                   Type           Power      Damage    Failure   Level
 Magic Dart               Conj           0%         1d3       41%         1
 Call Imp                 Summ           0%         N/A       54%         2
 Searing Ray              Conj           0%         3d3       54%         2
 Mephitic Cloud           Conj/Pois/Air  0%         N/A       78%         3
 Fulminant Prism          Conj/Hex       0%         3d6       99%         4


Dungeon Overview and Level Annotations

Branches:
Dungeon (5/15)             Temple (1/1) D:5

Altars:
Ashenzari
Gozag
Okawaru
Qazlal
Yredelemnul

Annotations:
D:2 1 runed translucent door, Crazy Yiuf, Robin


Message History

You start waiting.
Done waiting.
You start waiting.
You start waiting.
You start waiting.
You have lost your religion!
Okawaru does not appreciate desertion!
You start waiting.
You have lingered too long.
Zot senses you.
Dive deeper or flee this branch before you perish!
You start waiting.
Done waiting.
You start waiting.
You start waiting.
You start waiting.
You start waiting.
You start waiting.
You start waiting.
You start waiting.
You start waiting.
You start waiting.
You start waiting.
You start waiting.
You start waiting.
Zot draws nearer.
Dive deeper or flee this branch before you perish!
You start waiting.
Done waiting.
You start waiting.
You start waiting.
You start waiting.
You start waiting.
You start waiting.
You start waiting.
You start waiting.
You start waiting.
You start waiting.
You start waiting.
Zot has nearly found you.
Death is approaching.
Descend or flee this branch!
You start waiting.
You start waiting.
Zot has found you!
You die...

##...## #.....#
#.._..# #####
#.....# ##...##
##...## #.....#
###'### #.._..#
###.....###.....#
+#.........#'...##
##........@..#####
#.....###.....#
##....#####....##
#....#+...'#....#
#...##.....##...#
+...##..<..##...+
#...##.....##...#
#....#+...+#....#
##....#####....##


There were no monsters in sight!

Vanquished Creatures
  A kobold brigand (D:5)
  2 orc wizards (D:5)
  2 iguanas
  An adder (D:2)
  3 worms
  A dart slug (D:4)
  7 orcs
  An endoplasm (D:3)
  3 goblins
  8 hobgoblins
  5 kobolds
  A quokka (D:2)
  5 ball pythons
  A bat (D:2)
  3 rats (D:2)
44 creatures vanquished.

Notes
Turn   | Place    | Note
-------+----------+-------------------------------------------
     0 | D:1      | babuloseo the Human Fighter began the quest for the Orb.
     0 | D:1      | Reached XP level 1. HP: 18/18 MP: 1/1
     9 | D:2      | Found a stormy altar of Qazlal.
    17 | D:2      | Reached XP level 2. HP: 18/24 MP: 2/2
   212 | D:2      | Found a runed translucent door.
   213 | D:2      | Noticed Crazy Yiuf
   331 | D:2      | Identified a scroll of acquirement
   331 | D:2      | Acquired the +9 staff of Olgreb {rPois∞}
   331 | D:2      | Found the +9 staff of Olgreb {rPois∞}
   375 | D:2      | Reached XP level 3. HP: 27/29 MP: 3/3
   562 | D:2      | Noticed Robin
   794 | D:3      | Found an opulent altar of Gozag.
  1154 | D:3      | Found a faded altar of an unknown god.
  1217 | D:3      | Became a worshipper of Ashenzari the Shackled
  1529 | D:4      | Reached XP level 4. HP: 31/33 MP: 4/4
  1583 | D:4      | Reached skill level 1 in Evocations
  1725 | D:5      | Entered Level 5 of the Dungeon
  1725 | D:5      | Noticed a kobold brigand
  1733 | D:5      | Killed a kobold brigand
  1734 | D:5      | Reached XP level 5. HP: 4/41 MP: 0/5
  1735 | D:5      | HP: 1/41 [worm (4)]
  2056 | D:5      | Reached XP level 6. HP: 9/48 MP: 2/6
  2408 | D:5      | Found a staircase to the Ecumenical Temple.
  2450 | Temple   | Entered the Ecumenical Temple
  2620 | Temple   | Fell from the grace of Ashenzari
  2620 | Temple   | Became a worshipper of Warmaster Okawaru
  7448 | Temple   | Fell from the grace of Okawaru
  7450 | Temple   | Glimpsed the power of Zot.
  7950 | Temple   | Glimpsed the power of Zot.
  8350 | Temple   | Glimpsed the power of Zot.
  8449 | Temple   | Glimpsed the power of Zot.
  8450 | Temple   | Tarried too long and was consumed by Zot

Illustrated notes

Levels and vault maps discovered:
D:1:      lemuel_arrival_river_bridge, layout_rooms
D:2:      layout_loops_cross, basic_altar, serial_shops, shop,
          minmay_goblin_kobold_house, uniq_crazy_yiuf_cottage, uniq_robin
D:3:      layout_basic, grunt_gozag_breadcrumbs,
          hellmonk_ecumenical_altar_heavens_door
D:4:      layout_loops_ring, zin_treasury, elyvilon_altar_3,
          nzn_wu_jian_contemplation, serial_co_window_serial,
          co_window_corner_a, co_window_corner_a, co_window_of_opportunity_a,
          co_window_corner_a, co_window_paths_a, co_window_corner_b,
          co_window_paths_c, co_window_2corner, co_window_paths_c,
          co_window_of_opportunity_b, co_window_of_opportunity_c,
          co_window_of_opportunity_c, glass_columns_a, glass_columns_c
D:5:      layout_gridville, dancing_weapons_uskayaw, ashenzari_altar_1,
          kennysheep_mini_moat, minmay_temple_entry_statues_fountains,
          serial_shops, nicolae_shop_trees, kennysheep_crisscross,
          minmay_circle_x
Temple:   nicolae_temple_figure_zero

Skill      XL: |  1  2  3  4  5 |
---------------+----------------+-----
Polearms       | 3 |  3.7
Evocations     | 1 2 |  2.4
Fighting       | |  3.7
Armour         | |  3.7
Shields        | |  3.7

Action                   |  1- 3 |  4- 6 || total
-------------------------+-------+-------++-------
Melee: Trident           |    58 |       ||    58
       Staff             |    45 |    35 ||    80
Invok: Curse Item        |     1 |       ||     1
       Shatter the Chain |       |     1 ||     1
Evoke: Staff of Olgreb   |       |     3 ||     3
  Use: Scroll            |     1 |       ||     1
Armor: Scale mail        |    44 |    17 ||    61
Dodge: Dodged            |    37 |     6 ||    43
Block: Kite shield       |    58 |    14 ||    72
